 Dungeon Crawl Stone Soup version 0.31-a0-1589-g8f5e8aebd6 (webtiles) character file.

Game seed: 4805982506892652236

88 CougarLife the Chopper (level 4, -4/48 HPs)
             Began as an Oni Gladiator on Jan 5, 2024.
             Slain by a river rat (8 damage)
             ... on level 3 of the Dungeon.
             The game lasted 00:03:14 (1714 turns).

CougarLife the Chopper (Oni Gladiator)              Turns: 1714, Time: 00:03:15

Health: -4/48      AC:  3    Str: 20    XL:     4   Next: 53%
Magic:  4/4        EV: 10    Int:  9    God:
Gold:   62         SH:  0    Dex: 10    Spells: 3/3 levels left

rFire   . . .        a - +0 war axe
rCold   . . .        (no shield)
rNeg    . . .        b - +0 robe
rPois   .            c - +0 hat
rElec   .            (no cloak)
rCorr   .            (gloves unavailable)
SInv    .            (boots unavailable)
Will    .....        (no amulet)
Stlth   +            (no ring)
HPRegen 0.28/turn    (no ring)
MPRegen 0.09/turn

%: no passive effects
@: no status effects
A: large, unfitting armour, horns 1, tough skin 1, double potion healing,
drunken brawling
a: no special abilities


You were on level 3 of the Dungeon.
You visited 1 branch of the dungeon, and saw 3 of its levels.

You collected 62 gold pieces.

Inventory:

Hand Weapons
 a - a +0 war axe (weapon)
Missiles
 d - 3 throwing nets (quivered)
 e - a large rock
 f - 5 poisoned darts
Armour
 b - a +0 robe (worn)
 c - a +0 hat (worn)
Jewellery
 i - a ring of flight
Scrolls
 h - a scroll of summoning {unknown}
 k - a scroll of vulnerability {unknown}
 m - a scroll of revelation {unknown}
 n - 3 scrolls of identify {unknown}
 p - a scroll of enchant armour {unknown}
Potions
 g - a potion of brilliance {unknown}
 j - a potion of curing {unknown}
 l - a potion of cancellation {unknown}
 o - a potion of enlightenment {unknown}
 q - 2 potions of heal wounds {unknown}
 r - 3 potions of haste {unknown}


   Skills:
 + Level 3.9 Fighting
 * Level 4.3 Axes
 - Level 2.0 Throwing
 - Level 3.1 Dodging


You had 3 spell levels left.
You didn't know any spells.
Your spell library contained the following spells:

 Spells                   Type           Power      Damage    Failure   Level
 Ensorcelled Hibernation  Hex/Ice        0%         N/A       52%         2
 Scorch                   Fire           0%         2d5       52%         2
 Fugue of the Fallen      Necr           0%         N/A       77%         3
 Anguish                  Hex/Necr       0%         N/A       99%         4
 Flame Wave               Conj/Fire      0%         2d4       99%         4
 Summon Cactus Giant      Summ           0%         N/A       100%        6


Dungeon Overview and Level Annotations

Branches:
Dungeon (3/15)

Altars:
Ashenzari


Innate Abilities, Weirdness & Mutations

You are too large for most types of armour.
You have a pair of small horns on your head.
You have tough skin. (AC +1)
You gain doubled healing and magic from potions.
Whenever you drink a healing potion, you attack all around you.


Message History

You barely miss the adder.
You feel sick. The ball python barely misses you. The adder barely misses you.
The river rat bites you but does no damage.
The ball python bites you but does no damage.
You barely miss the adder. You headbutt the adder.
You kill the adder!
You hit the ball python.
You kill the ball python!
You barely miss the river rat.
You feel sick. The river rat barely misses you. The river rat bites you.
* * * LOW HITPOINT WARNING * * *
You feel sick. The rat bites you but does no damage.
The river rat barely misses you.
Things that are here:
a +0 short sword; an adder corpse You barely miss the river rat.
You headbutt the river rat, but do no damage.
The river rat is moderately wounded.
You hit the rat but do no damage.
You feel sick.
You are no longer poisoned.
The river rat misses you. The rat closely misses you.
You barely miss the river rat.
The river rat is moderately wounded.
You barely miss the rat. You closely miss the rat. The rat bites you.
* * * LOW HITPOINT WARNING * * *
The river rat bites you but does no damage.
The rat bites you but does no damage. The rat misses you.
You completely miss the river rat.
The river rat is moderately wounded.
You hit the rat. x2
You kill the rat!
The river rat bites you.
* * * LOW HITPOINT WARNING * * *
The rat bites you but does no damage. The river rat bites you.
* * * LOW HITPOINT WARNING * * *
You hit the river rat but do no damage.
The river rat is moderately wounded.
You barely miss the rat. The rat bites you but does no damage.
The river rat bites you!
You die...

........#
.......###..#..
.<....## #~~... )<...##
#~~~.. ###### #~~~..
~~~.## ~~.###
######rr.# ##
#....).@.# .#
######.#.###).# .#
#...##.#.# ......
.####......#.>...>.....
........##.#..#...##.##
##########.#......# .#
#.......## . ###......
. ..


You could see a river rat and a rat.

Vanquished Creatures
  3 adders
  3 dart slugs
  A ribbon worm (D:3)
  2 orcs (D:3)
  5 ball pythons
  3 endoplasms
  2 giant cockroaches (D:3)
  4 goblins
  5 hobgoblins
  2 quokkas (D:1)
  6 bats
  3 frilled lizards
  3 kobolds
  9 rats
51 creatures vanquished.

Notes
Turn   | Place    | Note
-------+----------+-------------------------------------------
     0 | D:1      | CougarLife the Oni Gladiator began the quest for the Orb.
     0 | D:1      | Reached XP level 1. HP: 22/22 MP: 1/1
   352 | D:1      | Reached XP level 2. HP: 29/29 MP: 2/2
   672 | D:1      | Reached XP level 3. HP: 35/37 MP: 3/3
  1433 | D:2      | Found a faded altar of an unknown god.
  1597 | D:3      | Reached skill level 4 in Axes
  1597 | D:3      | Reached XP level 4. HP: 42/48 MP: 4/4
  1601 | D:3      | Found a broken altar of Ashenzari.
  1714 | D:3      | Slain by a river rat

Illustrated notes

Levels and vault maps discovered:
D:1:      dpeg_arrival_castle, layout_basic, minmay_surrounded
D:2:      layout_loops_ring, shapermc_ecumenical_altar_mp_highgroup
D:3:      layout_loops_cross, nicolae_yredelemnul_corpse_copse,
          mainiacjoe_overflow_six_doors_small, kennysheep_okawaru_gauntlet,
          mainiacjoe_overflow_alcove_4, portal_sewer_entry_b

Skill      XL: |  1  2  3 |
---------------+----------+-----
Dodging        | 3 |  3.1
Fighting       | 3 |  3.9
Axes           | 4 |  4.3
Throwing       | |  2.0

Action                     |  1- 3 |  4- 6 || total
---------------------------+-------+-------++-------
  Melee: War axe           |    90 |    25 ||   115
         Headbutt          |    12 |     5 ||    17
         Punch             |     1 |     2 ||     3
  Throw: Throwing net      |     1 |       ||     1
   Stab: Sleeping          |     2 |       ||     2
 Armour: Robe              |    83 |    46 ||   129
  Dodge: Dodged            |    61 |    34 ||    95

Table legend: (Time is in decaauts)
 A = Elapsed time spent in this place.
 B = Non-inter-level travel time spent in this place.
 C = Inter-level travel time spent in this place.
 D = Time resting spent in this place.
 E = Time spent auto-exploring this place.
 F = Levels seen in this place.
 G = Mean time per level.
                   A        B        C        D        E       F      G
               +--------+--------+--------+--------+--------+-----+--------+
         Total |   1750 |   1703 |     47 |    122 |   1180 |   3 |  583.3 |
       Dungeon |   1750 |   1703 |     47 |    122 |   1180 |   3 |  583.3 |
               +--------+--------+--------+--------+--------+-----+--------+

Top non-repeatable levels by time:
     D:1: 939 daAuts
     D:2: 681 daAuts
     D:3: 129 daAuts
